 Dungeon Crawl Stone Soup version 0.30-a0-737-gf23d94013f (webtiles) character file.

Game seed: 18260120929526515836

390 themarg the Firebug (level 6, -3/47 HPs)
             Began as a Mummy Cinder Acolyte on Feb 1, 2023.
             Was a High Priest of Ignis.
             Slain by Edmund
             ... wielding a +4 dire flail of distortion
              (13 damage)
             ... on level 5 of the Dungeon.
             The game lasted 00:14:46 (5902 turns).

themarg the Firebug (Mummy Cinder Acolyte)          Turns: 5902, Time: 00:14:47

Health: -3/47      AC:  3    Str: 17    XL:     6   Next: 50%
Magic:  1/9        EV: 11    Int: 15    God:    Ignis [*****.]
Gold:   257        SH:  0    Dex:  8    Spells: 8/10 levels left

rFire   . . .      SeeInvis .    a - -1 short sword (flame)
rCold   + . .      Faith    +    (no shield)
rNeg    + + +      Spirit   .    j - +0 leather armour
rPois   ∞          Reflect  .    (no helmet)
rElec   .          Harm     .    (no cloak)
rCorr   .          Rampage  .    (no gloves)
Will    .....                    (no boots)
Stlth   +                        (no amulet)
HPRegen 0.27/turn                (no ring)
MPRegen 0.11/turn                (no ring)

@: no status effects
A: cold resistance 1, negative energy resistance 3, torment resistance 2, heat
vulnerability 1, in touch with death 1, no potions, faith
a: Renounce Religion, Fiery Armour, Foxfire Swarm, Rising Flame


You were on level 5 of the Dungeon.
You worshipped Ignis.
Ignis was extremely pleased with you.
You visited 2 branches of the dungeon, and saw 6 of its levels.

You collected 257 gold pieces.

Inventory:

Hand Weapons
 a - a -1 short sword of flaming (weapon)
 h - a +0 dagger of protection
Missiles
 f - 28 stones (quivered)
 g - 13 poisoned darts
Armour
 b - a +0 robe
 j - a +0 leather armour (worn)
Wands
 k - a wand of digging (14)
 l - a wand of polymorph (3)
Scrolls
 c - 2 scrolls of teleportation
 d - 3 scrolls of blinking
 e - a scroll of immolation
 i - a scroll of identify
 m - a scroll of fog {unknown}
 n - a scroll of magic mapping {unknown}


   Skills:
 - Level 3.0 Fighting
 - Level 2.4 Short Blades
 - Level 2.0 Stealth
 - Level 2.5 Spellcasting
 + Level 5.5 Fire Magic


You had 8 spell levels left.
You knew the following spells:

 Your Spells              Type           Power      Damage    Failure   Level
a - Scorch                Fire           36%        2d7       4%          2

Your spell library contained the following spells:

 Spells                   Type           Power      Damage    Failure   Level
 Chain Lightning          Conj/Air       0%         2d1       100%        9
 Fire Storm               Conj/Fire      5%         8d1       100%        9
 Shatter                  Erth           0%         3d5*      100%        9


Dungeon Overview and Level Annotations

Branches:
Dungeon (5/15)             Temple (1/1) D:4

Altars:
Ashenzari
Cheibriados
Fedhas
Gozag
Hepliaklqana
Kikubaaqudgha
Makhleb
Nemelex Xobeh
Okawaru
Qazlal
Ru
Sif Muna
Trog
Uskayaw
Vehumet
Wu Jian
Xom
Yredelemnul

Annotations:
D:4 exclusion: black bear
D:5 Edmund


Innate Abilities, Weirdness & Mutations

You are immune to poison.
Your flesh is cold resistant. (rC+)
You are immune to negative energy. (rN+++)
You are immune to unholy pain and torment.
You are vulnerable to heat. (rF-)
You are in touch with the powers of death.
You do not drink.
You have a special connection with the divine. (Faith)


Message History

You don't have enough magic to cast this spell.
Aiming: Polymorph
Press: ? - help, Shift-Dir - straight line, f - Edmund
Aim: Edmund, wielding a +4 dire flail of distortion and wearing a +0 scale mail (heavily wounded, more vulnerable to fire, will become a scorpion, a centaur, or an unseen horror, chance to affect: 49%) Edmund resists with some effort.
Edmund hits you with a +4 dire flail of distortion.
Space warps horribly around you!
Aiming: Polymorph
Press: ? - help, Shift-Dir - straight line, f/p - Edmund
Aim: Edmund, wielding a +4 dire flail of distortion and wearing a +0 scale mail (heavily wounded, more vulnerable to fire, will become a scorpion, a centaur, or an unseen horror, chance to affect: 49%) Edmund resists with some effort.
Edmund hits you with a +4 dire flail of distortion.
You blink.
Edmund says, "A flail is better than a scythe, any day of the week!"
You see here a +0 leather armour.
Flames lash Edmund.
Edmund is burned terribly!
Edmund is severely wounded.
You open the door.
There is an open door here.
Your +0 dagger of protection goes still.
Your -1 short sword of flaming bursts into flame!
a - a -1 short sword of flaming (weapon)
Edmund closely misses you.
You hit Edmund. You burn Edmund.
Edmund is almost dead.
Edmund hits you with a +4 dire flail of distortion!
Space warps around you.
* * * LOW HITPOINT WARNING * * *
You closely miss Edmund.
Edmund is almost dead.
You closely miss Edmund.
Edmund is almost dead.
Edmund misses you.
You hit Edmund but do no damage.
Edmund is almost dead.
Edmund closely misses you.
You barely miss Edmund.
Edmund is almost dead.
Edmund hits you with a +4 dire flail of distortion!
You die...

##+## ##...##
##.....## #####
##...$...## # .....
...
###.........####....
#### .....
+......[.@@.......
..... ...!#
#.........####...#
.####
#.#.####.......## #
#. ........#.....##
#. ....###.##...##
#. ..#####§###+##
... ........# #.#
###. .######## #.#
##### .#
######.####...##


You could see Edmund (combustible).

Vanquished Creatures
  A scorpion (D:4)
  3 hounds (D:4)
  A jelly (D:4)
  Jessica (D:3)
  An iguana (D:5)
  An orc wizard (D:5)
  4 adders (D:2)
  A gnoll (D:4)
  A worm (D:2)
  12 dart slugs
  4 orcs
  6 endoplasms
  3 giant cockroaches
  5 goblins
  4 hobgoblins
  3 jackals (D:3)
  8 kobolds
  3 quokkas
  3 ball pythons
  5 bats
  A frilled lizard (D:1)
  2 rats
73 creatures vanquished.

Notes
Turn   | Place    | Note
-------+----------+-------------------------------------------
     0 | D:1      | themarg the Mummy Cinder Acolyte began the quest for the
                  | Orb.
     0 | D:1      | Reached XP level 1. HP: 18/18 MP: 2/2
   581 | D:1      | Reached XP level 2. HP: 24/24 MP: 4/4
   584 | D:1      | Learned a level 2 spell: Scorch
   799 | D:1      | Reached skill level 1 in Stealth
  1152 | D:2      | Gained mutation: You are in touch with the powers of death.
                  | [Mummy growth]
  1152 | D:2      | Reached XP level 3. HP: 29/29 MP: 1/6
  1370 | D:2      | Reached skill level 3 in Fire Magic
  2365 | D:2      | Reached XP level 4. HP: 35/35 MP: 2/7
  2755 | D:3      | Noticed an eye of devastation
  2757 | D:3      | Found a faded altar of an unknown god.
  2758 | D:3      | Noticed an eye of devastation
  2758 | D:3      | Noticed a golden eye
  2758 | D:3      | Noticed a golden eye
  2958 | D:3      | Noticed Jessica
  3444 | D:3      | Killed Jessica
  3614 | D:4      | Reached skill level 4 in Fire Magic
  3614 | D:4      | Reached XP level 5. HP: 38/41 MP: 1/8
  4010 | D:4      | Noticed a black bear
  4058 | D:4      | Reached skill level 5 in Fire Magic
  4058 | D:4      | Reached XP level 6. HP: 47/47 MP: 0/9
  5062 | D:4      | Found a staircase to the Ecumenical Temple.
  5066 | Temple   | Entered the Ecumenical Temple
  5458 | D:5      | Entered Level 5 of the Dungeon
  5875 | D:5      | Noticed Edmund
  5902 | D:5      | Slain by Edmund

Illustrated notes

Levels and vault maps discovered:
D:1:      ncdulo_wetmaze, layout_rooms, kennysheep_flooded_box, st_stairs_5
D:2:      layout_basic, nicolae_elevator_lobby_asterisk
D:3:      layout_loops_cross, hellmonk_ecumenical_altar_watching_god,
          uniq_jessica
D:4:      kennysheep_slugbush, layout_gridville, temple_hall_moat,
          nrook_mini_vaults
D:5:      layout_loops_corners, chequers_arboretum, uniq_edmund
Temple:   mainiacjoe_temple_circle_huts

Skill      XL: |  1  2  3  4  5 |
---------------+----------------+-----
Spellcasting   | 2 |  2.5
Stealth        | 1 2 |  2.0
Fire Magic     | 3 4 5 |  5.5
Fighting       | |  3.0
Short Blades   | |  2.4

Action                     |  1- 3 |  4- 6 || total
---------------------------+-------+-------++-------
  Melee: Short sword       |    59 |     5 ||    64
         Dagger            |       |    38 ||    38
         Punch             |       |     1 ||     1
   Cast: Scorch            |    36 |    66 ||   102
  Evoke: Wand              |       |     2 ||     2
    Use: Scroll            |       |     4 ||     4
 Armour: Robe              |     8 |       ||     8
         Leather armour    |       |    14 ||    14
  Dodge: Dodged            |    41 |    45 ||    86

Table legend: (Time is in decaauts)
 A = Elapsed time spent in this place.
 B = Non-inter-level travel time spent in this place.
 C = Inter-level travel time spent in this place.
 D = Time resting spent in this place.
 E = Time spent auto-exploring this place.
 F = Levels seen in this place.
 G = Mean time per level.
                   A        B        C        D        E       F      G
               +--------+--------+--------+--------+--------+-----+--------+
         Total |   5906 |   5682 |    224 |   1580 |   3174 |   6 |  984.3 |
       Dungeon |   5547 |   5352 |    195 |   1580 |   2867 |   5 | 1109.4 |
        Temple |    358 |    329 |     29 |      0 |    307 |   1 |  358.0 |
               +--------+--------+--------+--------+--------+-----+--------+

Top non-repeatable levels by time:
     D:4: 1567 daAuts
     D:2: 1400 daAuts
     D:1: 1296 daAuts
     D:3: 999 daAuts
  Temple: 358 daAuts
     D:5: 283 daAuts
